Map: [ESL] Oceanborn

Players

ShaDoWn

  • Race: Protoss Protoss
  • Spawn Location: 5:00

Spirit - Winner!

  • Race: Terran Terran
  • Spawn Location: 11:00

Event: ESL SC2 Masters 2023 Winter (Regional)

VOD

Have the link to the VOD?

Description

Time

  • Played on: Nov. 3, 2023, 11:28 a.m.
  • Length: 10:13

All games in this series

Show
View Real Time Build Order
Export as new Build Order

ShaDoWn Protoss 

Build Orders: 1 Gate Expand 

Get SALT Encoding   

  12  0:00  Probe  
  13  0:12  Probe  
  14  0:16  Pylon  
  14  0:24  Probe  
  15  0:35  Gateway  
  15  0:36  Probe (Chrono Boost)  
  15  0:42  Assimilator  
  16  0:46  Probe (Chrono Boost)  
  17  0:51  Probe  
  18  1:03  Probe  
  19  1:15  Probe  
  20  1:21  Cybernetics Core  
  20  1:33  Nexus  
  20  1:39  Pylon  
  20  1:42  Probe  
  21  1:49  Assimilator  
  22  1:54  Probe  
  22  1:55  Adept (Chrono Boost)  
  22  1:58  Warp Gate (Chrono Boost)  
  24  2:06  Probe (Chrono Boost)  
  25  2:16  Pylon  
  25  2:17  Probe (Chrono Boost)  
  25  2:21  Adept  
  25  2:22  Probe (Chrono Boost)  
  29  2:34  Gateway  
  29  2:43  Gateway  
  29  2:46  Probe (Chrono Boost)  
  29  2:48  Probe (Chrono Boost)  
  31  2:57  Stalker  
  34  3:02  Probe x2 (Chrono Boost)  
  35  3:07  Probe (Chrono Boost)  
  35  3:09  Probe  
  37  3:13  Robotics Facility  
  37  3:18  Probe  
  38  3:21  Probe  
  39  3:30  Probe  
  39  3:33  Probe  
  41  3:39  Adept x3  
  47  3:42  Probe  
  47  3:44  Pylon  
  47  3:45  Assimilator, Probe  
  49  3:54  Probe  
  50  3:59  Warp Prism (Chrono Boost)  
  50  4:00  Probe  
  49  4:03  Twilight Council  
  49  4:06  Probe  
  46  4:11  Stalker x2  
  46  4:12  Stalker  
  46  4:14  Probe  
  53  4:18  Probe  
  53  4:20  Assimilator  
  54  4:26  Probe  
  54  4:30  Probe  
  56  4:37  Nexus  
  57  4:38  Probe  
  57  4:39  Blink (Chrono Boost)  
  57  4:46  Probe  
  57  4:49  Observer (Chrono Boost)  
  59  4:57  Probe  
  57  5:07  Stalker x2  
  57  5:09  Probe  
  57  5:14  Probe  
  61  5:17  Stalker  
  61  5:21  Probe  
  62  5:34  Pylon  
  62  5:37  Shield Battery  
  62  5:47  Pylon  
  62  5:48  Immortal (Chrono Boost)  
  62  5:49  Probe x2  
  68  5:50  Shield Battery, Stalker x3  
  68  5:55  Probe, Pylon  
  75  6:01  Probe x2  
  75  6:03  Pylon  
  78  6:13  Stalker x3  
  78  6:16  Immortal (Chrono Boost)  
  80  6:27  Probe  
  80  6:29  Probe  
  70  6:36  Stalker x2  
  70  6:37  Stalker  
  70  6:39  Probe  
  74  6:41  Probe  
  75  6:51  Probe  
  75  6:53  Probe  
  77  6:56  Nexus  
  77  7:02  Templar Archives  
  77  7:03  Probe  
  77  7:05  Probe  
  79  7:14  Charge  
  79  7:15  Probe  
  80  7:17  Probe  
  81  7:23  Gateway  
  81  7:25  Gateway  
  81  7:27  Probe  
  81  7:29  Psionic Storm, Probe  
  83  7:39  Probe  
  83  7:41  High Templar  
  86  7:48  Pylon  
  86  7:50  Shield Battery  
  86  7:55  Pylon  
  86  7:59  Forge  
  86  8:04  Pylon  
  86  8:05  Pylon  
  86  8:06  Probe x2  
  86  8:08  Observer (Chrono Boost)  
  86  8:09  Stalker  
  88  8:16  Stalker  
  88  8:17  High Templar  
  88  8:19  Probe  
  92  8:21  Probe  
  92  8:25  Shield Battery, Probe  
  93  8:31  High Templar, Probe (Chrono Boost)  
  93  8:33  Probe (Chrono Boost)  
  93  8:40  Probe (Chrono Boost)  
  93  8:43  Probe (Chrono Boost)  
  93  8:46  High Templar, Probe (Chrono Boost)  
  97  8:48  Zealot  
  97  8:52  Gateway  
  97  8:53  Gateway, Probe x3 (Chrono Boost)  
  102  8:58  Probe  
  102  9:00  Probe  
  102  9:01  Probe  
  105  9:08  Zealot  
  105  9:09  Zealot x2  
  111  9:10  Immortal (Chrono Boost), Probe  
  111  9:12  Probe  
  111  9:13  Probe  
  118  9:22  Probe  
  116  9:24  Probe  
  116  9:25  Zealot  
  118  9:34  Zealot x2  
  118  9:35  Zealot  
  117  9:44  Probe  
  112  9:46  Zealot x2  
  118  9:53  Zealot  
  108  10:01  Zealot x3  
Show
View Real Time Build Order
Export as new Build Order

Spirit Terran - Winner!

Build Orders: Cyclone Opening 

Get SALT Encoding   

  12  0:00  SCV  
  13  0:12  SCV  
  14  0:17  Supply Depot  
  14  0:24  SCV  
  15  0:38  SCV  
  15  0:40  Barracks  
  16  0:44  Refinery  
  16  0:50  SCV  
  17  1:03  SCV  
  18  1:15  SCV  
  19  1:27  Orbital Command, Marine  
  20  1:39  Command Center  
  20  1:50  Factory  
  20  1:54  SCV  
  21  2:01  Supply Depot  
  21  2:06  SCV  
  21  2:08  Barracks Reactor  
  22  2:13  Bunker  
  22  2:18  SCV  
  22  2:21  Refinery  
  23  2:30  SCV  
  23  2:34  Cyclone  
  26  2:42  SCV  
  27  2:44  Marine x2  
  27  2:50  Orbital Command  
  29  2:56  Starport  
  29  2:58  SCV  
  29  3:02  Marine  
  29  3:05  Marine  
  32  3:07  Factory Tech Lab  
  32  3:16  Supply Depot  
  32  3:17  SCV  
  33  3:20  Marine  
  33  3:22  SCV  
  35  3:28  Marine  
  35  3:30  SCV  
  37  3:36  Factory Tech Lab  
  37  3:37  Cloaking Field  
  37  3:38  Marine  
  37  3:39  Banshee  
  41  3:43  Supply Depot  
  41  3:45  SCV  
  41  3:46  Marine  
  43  3:48  SCV  
  43  3:57  SCV, Marine  
  43  4:01  SCV  
  43  4:09  SCV  
  46  4:10  Siege Tank  
  46  4:13  Marine, SCV  
  48  4:21  SCV  
  48  4:23  Banshee  
  52  4:25  SCV  
  52  4:29  Supply Depot, Marine  
  54  4:32  Marine  
  54  4:33  SCV  
  54  4:37  SCV  
  57  4:40  Engineering Bay  
  57  4:45  Barracks, SCV  
  58  4:47  Marine  
  58  4:49  Siege Tank  
  58  4:51  SCV  
  58  4:52  Marine  
  64  4:57  SCV  
  64  4:58  Supply Depot  
  64  5:04  Marine  
  63  5:10  SCV, Marine  
  63  5:11  Refinery x2  
  65  5:15  SCV  
  69  5:21  Siege Tank  
  69  5:22  SCV, Marine  
  69  5:27  SCV  
  72  5:30  Marine  
  72  5:34  SCV  
  72  5:39  SCV  
  72  5:40  Marine  
  72  5:42  Barracks, Supply Depot  
  74  5:47  Barracks Tech Lab, Marine  
  74  5:48  Banshee  
  78  5:59  Supply Depot x2  
  78  6:03  SCV x2, Marine  
  81  6:08  Marine  
  81  6:10  Stimpack, Marine  
  82  6:15  Missile Turret, SCV x2  
  84  6:22  Marine  
  84  6:24  Siege Tank  
  78  6:26  Marine  
  78  6:27  SCV  
  78  6:29  SCV, Marauder  
  65  6:50  Barracks, Starport Reactor, Marauder  
  65  6:51  Barracks, Terran Infantry Weapons Level 1  
  67  6:56  Marine x2, Supply Depot  
  67  6:59  Supply Depot  
  67  7:00  Siege Tank  
  72  7:02  Marauder  
  74  7:11  Marauder  
  74  7:14  Marine x2  
  78  7:17  Combat Shield  
  77  7:23  Marauder  
  77  7:29  Command Center  
  79  7:32  Marine  
  79  7:34  Medivac x2  
  81  7:38  SCV  
  81  7:41  Barracks Reactor, Barracks Tech Lab  
  81  7:42  Marauder, Marine  
  85  7:49  Siege Tank, SCV  
  85  7:50  Concussive Shells  
  89  7:53  Marauder, Marine  
  89  7:56  SCV  
  93  8:00  Marine  
  93  8:01  SCV  
  93  8:02  Marauder  
  93  8:03  Marine  
  98  8:08  SCV  
  99  8:13  Marine  
  99  8:15  Marauder  
  99  8:16  SCV  
  99  8:17  Medivac x2  
  107  8:21  Marauder  
  108  8:27  Siege Tank  
  108  8:28  Marine  
  108  8:29  Marauder  
  108  8:30  SCV  
  108  8:32  Marine  
  116  8:36  Marine  
  116  8:39  SCV  
  118  8:52  Marauder, Medivac x2, Marine  
  125  8:56  Supply Depot  
  125  8:57  Supply Depot  
  125  8:58  Supply Depot  
  125  8:59  Widow Mine, Marine  
  125  9:00  Marauder  
  125  9:01  Ghost Academy  
  130  9:04  Marine  
  130  9:06  SCV, Marine  
  130  9:08  Marine  
  129  9:15  SCV  
  126  9:18  SCV  
  126  9:19  Orbital Command  
  126  9:21  Marine  
  127  9:26  Marine  
  127  9:27  SCV  
  127  9:31  SCV  
  127  9:39  SCV  
  127  9:40  Marauder x2, Marine  
  127  9:43  SCV, Marine  
  127  9:45  Marine, SCV  
  136  9:50  Widow Mine  
  136  9:51  SCV  
  140  9:55  SCV  
  140  9:57  SCV  
Tags
 
Add a new tag
Caveats
  • Supply blocks, unpowered buildings, or Contaminate may cause inaccurate times.
  • Supply counts are checked every 10 seconds.